AoeStats
← pinKKKKKKKK

Arabia

507578978Analyzed
3v3 RM · 14d ago on Sep 18, 2026· 42m 36s· 6 players
Game mode
Random Map
Map size
Normal (6 player)
Population
200
Speed
Normal
Resources
Standard
Victory
Conquest
Starting age
Dark Age
Ending age
Imperial Age
RankedLock teamsTeams togetherTeam positionsShared explorationLock speedFull tech treeHidden civsTurbo modeCheats
Victory
Defeat
🇩🇪 Goths · Germany
1064
+15
🇩🇪 Huns · Germany
1046
+16
🇩🇪 Sicilians · Germany
1043
+16
🇦🇷 Teutons · Argentina
1110
-17
🇦🇷 Vietnamese · Argentina
1023
-15
🇦🇷 Franks · Argentina
1021
-15
AufDemKreis
7:13 Loom
10:01 Feudal Age
11:07 Double-Bit Axe
13:48 Bloodlines
14:16 Horse Collar
20:10 Scale Barding Armor
27:16 Castle Age
27:21 Wheelbarrow
28:03 Husbandry
29:58 Pikeman
30:39 Squires
31:07 Forging
30:54 Stone Mining
32:38 Bow Saw
32:38 Scale Mail Armor
35:07 Chain Barding Armor
40:51 Imperial Age
39:25 Iron Casting
40:46 Marauders
Gym Knopf
2:44 Loom
11:06 Feudal Age
22:41 Horse Collar
31:38 Castle Age
42:38 Scale Barding Armor
Cersch
2:13 Loom
10:13 Feudal Age
13:20 Forging
13:48 Scale Mail Armor
15:13 Man-at-Arms
21:47 Horse Collar
21:53 Double-Bit Axe
26:10 Town Watch
27:50 Wheelbarrow
31:31 Castle Age
29:29 Gold Mining
31:34 Pikeman
32:31 Chain Mail Armor
31:39 Long Swordsman
33:27 Iron Casting
32:56 Squires
41:05 Bow Saw
41:27 Heavy Plow
Facu476
8:41 Loom
11:25 Feudal Age
12:36 Double-Bit Axe
14:42 Gold Mining
16:11 Forging
20:20 Castle Age
19:43 Scale Mail Armor
21:41 Gold Shaft Mining
22:46 Bow Saw
24:45 Iron Casting
25:53 Scale Barding Armor
31:16 Chain Mail Armor
pinKKKKKKKK
10:43 Feudal Age
25:29 Fletching
26:50 Padded Archer Armor
28:42 Gold Mining
32:43 Wheelbarrow
33:02 Horse Collar
[NIRT13] Coke CoLa!
7:23 Loom
10:52 Feudal Age
11:30 Double-Bit Axe
12:03 Horse Collar
19:38 Castle Age
22:25 Gold Mining
25:08 Man-at-Arms
27:12 Crossbowman
31:59 Fletching
32:10 Padded Archer Armor
34:12 Bow Saw
37:03 Stone Mining
40:48 Pikeman
Connection lost

Rejoining the realm…

Still unreachable

The connection could not be restored.

Session expired

The server has moved on; the page needs a fresh start.